 Dungeon Crawl Stone Soup version 0.26.0-91-g99b343417d (webtiles) character file.

Game seed: 12442831859247875710

39 Gadfly the Sneak (level 3, -7/20 HPs)
             Began as a Vampire Enchanter on Feb 4, 2021.
             Mangled by an orc
             ... wielding a +2 short sword of electrocution
              (13 damage)
             ... on level 2 of the Dungeon.
             The game lasted 00:03:36 (1856 turns).

Gadfly the Sneak (Vampire Enchanter)                Turns: 1856, Time: 00:03:38

Health: -7/20      AC:  2    Str:  7    XL:     3   Next: 28%
Magic:  6/6        EV: 13    Int: 17    God:
Gold:   87         SH:  0    Dex: 15    Spells: 3/6 levels left

rFire    . . .     SeeInvis +   b - +0 dagger (venom)
rCold    + + +     Faith    .   (no shield)
rNeg     + + +     Spirit   .   d - +0 robe
rPois    ∞         Reflect  .   (no helmet)
rElec    .         Harm     .   (no cloak)
rCorr    .         Rampage  .   (no gloves)
Will     .....                  (no boots)
Stlth    +++++.....             (no amulet)
HPRegen  0.00/turn              e - ring of protection from cold
MPRegen  0.10/turn              (no ring)

@: bloodless
A: fangs 3, see invisible, unbreathing
a: Bat Form, Revivify


You were on level 2 of the Dungeon.
You visited 1 branch of the dungeon, and saw 2 of its levels.

You collected 87 gold pieces.

Inventory:

Hand Weapons
 a - a +1 dagger
 b - a +0 dagger of venom (weapon)
Armour
 d - a +0 robe (worn)
Jewellery
 e - a ring of protection from cold (left hand)
Scrolls
 c - a scroll of fear {unknown}
Potions
 f - a potion of might {unknown}


   Skills:
 + Level 0.3 Fighting
 * Level 1.6 Short Blades
 * Level 2.6 Dodging
 * Level 5.1 Stealth
 * Level 2.2 Spellcasting
 + Level 4.6 Hexes
 * Level 0.6 Evocations


You had 3 spell levels left.
You knew the following spells:

 Your Spells              Type           Power        Failure   Level
a - Corona                Hex            18%          3%          1
b - Ensorcelled Hibernat  Hex/Ice        18%          11%         2

Your spell library contained the following spells:

 Spells                   Type           Power        Failure   Level
 Confusing Touch          Hex            17%          9%          3
 Tukima's Dance           Hex            17%          9%          3
 Dazzling Flash           Conj/Hex       18%          22%         3


Dungeon Overview and Level Annotations

Branches:
Dungeon (2/15)

Altars:


Innate Abilities, Weirdness & Mutations

You do not regenerate when monsters are visible.
You are frail without blood (-20% HP).
You can heal yourself when you bite living creatures.
You are immune to poison.
You have razor-sharp teeth.
You have supernaturally acute eyesight. (SInv)
You can survive without breathing.


Message History

The orc drinks a potion.
The orc is healed!
The orc looks more healthy.
You hit the orc.
The orc is poisoned.
The orc is lightly wounded.
The orc closely misses you.
You hit the orc.
You kill the orc!
The orc throws a boomerang.
The boomerang barely misses you.
The weapon returns to the orc!
The orc closely misses you.
You see here a +1 vorpal flail.
You hit the orc.
The orc is poisoned.
The orc is moderately wounded.
The orc hits you with a +2 short sword of electrocution.
You closely miss the orc.
The orc is heavily wounded.
The orc hits you with a +2 short sword of electrocution.
* * * LOW HITPOINT WARNING * * *
You are electrocuted!
Ouch! That really hurt!
You die...

#.# #÷##.# #.#
#<##.# ####)#
##### #.# #...#
#.# #.#.# #.#
#.#.# #.#
#.#.###.# #
#o#o@...#
##.##.#######
#.....########
##...o.......#
#..........?...#
....#.?.........#
... #..o........#
.. #...........#
. #...........#


You could see an orc (very poisoned).

Vanquished Creatures
  A worm (D:2)
  2 leopard geckos (D:1)
  An orc (D:2)
  A ball python (D:2)
  2 bats
  4 giant cockroaches
  4 goblins
  6 hobgoblins
  4 frilled lizards
  3 kobolds
  3 rats (D:1)
31 creatures vanquished.

Notes
Turn   | Place    | Note
-------+----------+-------------------------------------------
     0 | D:1      | Gadfly the Vampire Enchanter began the quest for the Orb.
     0 | D:1      | Reached XP level 1. HP: 13/13 MP: 3/3
   117 | D:1      | Reached XP level 2. HP: 18/19 MP: 5/5
   183 | D:1      | Learned a level 2 spell: Ensorcelled Hibernation
  1069 | D:2      | Reached skill level 5 in Stealth
  1293 | D:2      | Reached XP level 3. HP: 15/20 MP: 2/6
  1856 | D:2      | Mangled by an orc

Illustrated notes

Levels and vault maps discovered:
D:1:      minmay_arrival_hallway, layout_loops_cross, st_stairs_3
D:2:      layout_basic, lemuel_coloured_pillars_altar

Skill      XL: |  1  2 |
---------------+-------+-----
Stealth        | 5 |  5.1
Fighting       | |  0.3
Short Blades   | |  1.6
Dodging        | |  2.6
Spellcasting   | |  2.2
Hexes          | |  4.6
Evocations     | |  0.6

Action                   || total
-------------------------++-------
Melee: Dagger            ||    91
       Bite              ||     5
 Cast: Ensorcelled Hiber ||     4
 Abil: Exsanguinate      ||     1
  Use: Scroll            ||     2
 Stab: Sleeping          ||    11
Armor: Robe              ||    12
Dodge: Dodged            ||    61
